AoeStats
← YKK

Arabia

504348928Analyzed
1v1 RM · 28d ago on Sep 5, 2026· 34m 27s· 2 players
Game mode
Random Map
Map size
Tiny (2 player)
Population
200
Speed
Normal
Resources
Standard
Victory
Conquest
Starting age
Dark Age
Ending age
Imperial Age
RankedLock teamsTeams togetherTeam positionsShared explorationLock speedFull tech treeHidden civsTurbo modeCheats
Victory
Defeat
🇨🇱 Vikings · Chile
990
+17
🇹🇷 Burgundians · Türkiye
1006
-17
Soldado Ramirez
5:12 Loom
10:00 Feudal Age
10:35 Double-Bit Axe
12:03 Horse Collar
17:07 Town Watch
19:41 Castle Age
18:05 Fletching
18:33 Gold Mining
19:09 Padded Archer Armor
20:02 Scale Mail Armor
21:13 Bow Saw
20:39 Crossbowman
23:03 Bodkin Arrow
23:13 Squires
24:08 Pikeman
27:33 Forging
28:47 Ballistics
30:49 Elite Skirmisher
33:44 Leather Archer Armor
33:45 Chain Mail Armor
34:05 Iron Casting
YKK
8:22 Loom
9:47 Loom
10:37 Wheelbarrow
12:13 Feudal Age
11:07 Horse Collar
11:15 Double-Bit Axe
19:37 Castle Age
18:08 Bow Saw
18:30 Heavy Plow
20:39 Scale Barding Armor
20:51 Fletching
21:13 Forging
21:41 Chain Barding Armor
21:24 Husbandry
22:15 Wheelbarrow
24:44 Fletching
27:28 Crossbowman
29:41 Hand Cart
29:18 Gold Mining
30:07 Padded Archer Armor
30:50 Bodkin Arrow
Connection lost

Rejoining the realm…

Still unreachable

The connection could not be restored.

Session expired

The server has moved on; the page needs a fresh start.